 Dungeon Crawl Stone Soup version 0.26-a0-663-g36e8fdb655 (webtiles) character file.

Game seed: 17623578582805090692

2977 Grim the Destroyer (level 9, -6/45 HPs)
             Began as a Deep Elf Conjurer on Oct 11, 2020.
             Was an Initiate of Vehumet.
             Mangled by an orc warrior
             ... wielding a +0 scimitar
              (19 damage)
             ... on level 8 of the Dungeon.
             The game lasted 00:29:06 (12572 turns).

Grim the Destroyer (Deep Elf Conjurer)             Turns: 12572, Time: 00:29:06

Health: -6/45      AC:  4    Str:  5    XL:     9   Next: 53%
Magic:  1/15       EV: 15    Int: 26    God:    Vehumet [......]
Gold:   408        SH:  0    Dex: 13    Spells: 0/14 levels left

rFire    x . .     SeeInvis .   h - +4 quarterstaff (chaos)
rCold    + . .     Faith    .   (shield currently unavailable)
rNeg     . . .     Spirit   .   a - +0 robe
rPois    +         Reflect  .   (helmet restricted)
rElec    .         Harm     .   f - +1 cloak
rCorr    .         Rampage  .   x - +0 pair of gloves
MR       .....                  (no boots)
Stlth    ++........             k - amulet of inaccuracy (curse)
HPRegen  0.15/turn              d - ring of ice
MPRegen  0.14/turn              (no ring)

@: no status effects
A: hooves 2, horns 1, deformed body, poison resistance
a: Renounce Religion


You were on level 8 of the Dungeon.
You worshipped Vehumet.
Vehumet was noncommittal.
You visited 2 branches of the dungeon, and saw 9 of its levels.

You collected 408 gold pieces.

Inventory:

Hand Weapons
 h - a +4 quarterstaff of chaos (weapon)
 v - a +1 quarterstaff
Missiles
 w - 2 throwing nets (quivered)
 C - 4 boomerangs
Armour
 a - a +0 robe (worn)
 f - a +1 cloak (worn)
 l - a +0 pair of gloves
 p - the +1 scale mail of Orthodoxy {Dex+5}
   (You found it on level 5 of the Dungeon)

   It affects your dexterity (+5).
 x - a +0 pair of gloves (worn)
Jewellery
 d - a ring of ice (left hand)
 e - an uncursed amulet of guardian spirit {unknown}
 k - a cursed amulet of inaccuracy (around neck)
Wands
 m - a wand of acid (15)
 u - a wand of paralysis (10)
Scrolls
 s - a scroll of identify
 t - a scroll of enchant weapon
Potions
 b - a potion of might
 c - a potion of invisibility {unknown}
 g - a potion of brilliance {unknown}
 i - 2 potions of haste
 j - a potion of heal wounds {unknown}
 n - 2 potions of lignification {unknown}
 o - a potion of magic {unknown}
 q - a potion of resistance {unknown}
 r - a potion of berserk rage {unknown}
 z - 2 potions of ambrosia {unknown}
 A - a potion of flight {unknown}


   Skills:
 - Level 4.0 Staves
 + Level 6.2 Dodging
 - Level 2.4 Stealth
 - Level 3.0 Spellcasting
 + Level 10.5 Conjurations
 - Level 5.0 Hexes
 - Level 7.0 Translocations


You couldn't memorise any spells.
You knew the following spells:

 Your Spells              Type           Power        Failure   Level
a - Magic Dart            Conj           ####         1%          1
b - Searing Ray           Conj           ######       1%          2
c - Iskenderun's Mystic   Conj/Tloc      #####...     2%          4
d - Fulminant Prism       Conj/Hex       #####.....   3%          4
e - Dazzling Flash        Conj/Hex       #####.       1%          3

Your spell library contained the following spells:

 Spells                   Type           Power        Failure   Level


Dungeon Overview and Level Annotations

Branches:
Dungeon (8/15)             Temple (1/1) D:7
   Lair: D:8-11

Altars:
Ashenzari
Dithmenos
Elyvilon
Gozag
Hepliaklqana
Kikubaaqudgha
Makhleb
Nemelex Xobeh
Okawaru
Qazlal
Trog
Uskayaw
Vehumet
Wu Jian
Xom
Yredelemnul
Zin
The Shining One


Innate Abilities, Weirdness & Mutations

You have hoof-like feet.
You have a pair of small horns on your head.
Armour fits poorly on your strangely shaped body.
Your system is resistant to poisons. (rPois)


Message History

The magic dart hits the orc warrior but does no damage.
The orc warrior is severely wounded.
The orc warrior closely misses you.
An orc comes into view.
Casting: Magic Dart (safe; 1% risk of failure)
Confirm with . or Enter, or press ? or * to list all spells.
Aiming: Magic Dart (safe; 1% risk of failure)
Press: ? - help, Shift-Dir - straight line, f/p - orc warrior
Aim: an orc warrior, wielding a +0 scimitar and wearing a cursed +0 chain mail (severely wounded, fast)
The magic dart hits the orc warrior.
The orc warrior is almost dead.
The orc warrior hits you with a +0 scimitar!!
* * * LOW HITPOINT WARNING * * *
An orc comes into view. It is wielding a +0 hand axe.
Okay, then.
You hit the orc warrior but do no damage.
Your headbutt misses the orc warrior.
The orc warrior is almost dead.
The orc warrior hits you with a +0 scimitar!!
You die...

##.... ###...#
......# ......#
..... #....
#...##..#
#......#
#.....#
..y...##..#
...##. ##.####
. #.###..†@#
...###.#.###o.#
...#......#..##
#.........o...#
##.....[o.....#
#..........#.##
.
#..........###
.###.##......##
...#.##....###


You could see an orc warrior (fast) and 2 orcs.

Vanquished Creatures
  Pikel (D:6)
  3 sky beasts
  An orc warrior (D:6)
  3 ice beasts
  2 ogres (D:4)
  A centaur (D:5)
  2 lemures (D:7)
  4 scorpions
  3 killer bees (D:8)
  4 wights (D:6)
  2 howler monkeys
  A bullfrog zombie (D:5)
  4 orc priests
  Crazy Yiuf (D:2)
  A jelly (D:5)
  A centaur skeleton (D:4)
  A gnoll shaman (D:4)
  2 hounds
  2 iguanas
  Natasha (thrice) (D:4)
  6 orc wizards
  A worker ant (D:4)
  A hound skeleton (D:6)
  A howler monkey zombie (D:8)
  11 gnolls
  11 adders
  3 shadow imps
  2 white imps
  2 ufetubi (D:5)
  2 oozes
  3 adder skeletons (D:5)
  An adder zombie (D:5)
  A worm (D:4)
  2 dart slugs (D:1)
  2 leopard geckos
  22 orcs
  11 giant cockroaches
  5 hobgoblins
  9 jackals
  7 kobolds
  3 quokkas
  16 bats
  7 frilled lizards
  9 goblins
  A leopard gecko zombie (D:7)
  4 rats
185 creatures vanquished.

Vanquished Creatures (others)
  12 fulminant prisms
  4 fungi (D:2)
16 creatures vanquished.

Grand Total: 201 creatures vanquished

Notes
Turn   | Place    | Note
-------+----------+-------------------------------------------
     0 | D:1      | Grim the Deep Elf Conjurer began the quest for the Orb.
     0 | D:1      | Reached XP level 1. HP: 10/10 MP: 6/6
   203 | D:1      | Reached XP level 2. HP: 15/15 MP: 5/8
   272 | D:1      | Reached skill level 5 in Conjurations
   802 | D:1      | Learned a level 2 spell: Searing Ray
   909 | D:1      | Reached XP level 3. HP: 19/19 MP: 5/9
  2006 | D:2      | Reached skill level 6 in Conjurations
  2019 | D:2      | Reached XP level 4. HP: 24/24 MP: 0/10
  2101 | D:2      | Found a hide-covered altar of Uskayaw.
  2101 | D:2      | Found a hazy altar of Hepliaklqana.
  2595 | D:2      | Found a runed translucent door.
  2596 | D:2      | Noticed Crazy Yiuf
  2916 | D:2      | Learned a level 4 spell: Iskenderun's Mystic Blast
  2921 | D:2      | Killed Crazy Yiuf
  3268 | D:3      | Reached skill level 1 in Staves
  3268 | D:3      | Reached skill level 7 in Conjurations
  3268 | D:3      | Reached XP level 5. HP: 28/28 MP: 5/11
  4512 | D:4      | Reached skill level 1 in Translocations
  4515 | D:4      | Reached XP level 6. HP: 27/32 MP: 4/12
  4589 | D:4      | Noticed Natasha
  4596 | D:4      | Killed Natasha
  4643 | D:4      | Noticed Natasha
  4649 | D:4      | Killed Natasha
  4941 | D:4      | Found a white marble altar of Elyvilon.
  5266 | D:4      | Reached XP level 7. HP: 36/36 MP: 8/13
  5498 | D:4      | Noticed Natasha
  5503 | D:4      | Killed Natasha
  5560 | D:4      | Found a basalt altar of Yredelemnul.
  5562 | D:4      | Found a bloodstained altar of Trog.
  5562 | D:4      | Found an opulent altar of Gozag.
  5564 | D:4      | Found a shimmering altar of Xom.
  5564 | D:4      | Found a shimmering blue altar of Sif Muna.
  5564 | D:4      | Found a snail-covered altar of Cheibriados.
  5804 | D:4      | Found a bloodstained altar of Trog.
  5837 | D:4      | Found an iron altar of Okawaru.
  5837 | D:4      | Found a basalt altar of Yredelemnul.
  5839 | D:4      | Found an ornate altar of the Wu Jian Council.
  5841 | D:4      | Found a glowing silver altar of Zin.
  5902 | D:4      | Reached skill level 8 in Conjurations
  6153 | D:5      | Entered Level 5 of the Dungeon
  6711 | D:5      | Got a masterwork scale mail
  6722 | D:5      | Identified the +1 scale mail of Orthodoxy {Dex+5} (You
                  | found it on level 5 of the Dungeon)
  7317 | D:5      | Reached XP level 8. HP: 20/41 MP: 4/14
  7496 | D:5      | Reached skill level 5 in Translocations
  7644 | D:5      | Reached skill level 9 in Conjurations
  7963 | D:5      | Learned a level 4 spell: Fulminant Prism
  8444 | D:6      | Reached skill level 1 in Hexes
  9533 | D:6      | Found a broken altar of Ashenzari.
  9945 | D:6      | Found a glowing golden altar of the Shining One.
 10062 | D:6      | Reached skill level 5 in Hexes
 10628 | D:7      | Found a staircase to the Ecumenical Temple.
 10657 | Temple   | Entered the Ecumenical Temple
 10722 | Temple   | Became a worshipper of Vehumet
 10811 | D:7      | Reached XP level 9. HP: 45/45 MP: 6/15
 10904 | D:7      | Found a sparkling altar of Nemelex Xobeh.
 10906 | D:7      | Gained mutation: Scrolls take you a little longer to read.
                  | [potion of mutation]
 10906 | D:7      | Gained mutation: You occasionally shout uncontrollably at
                  | your foes. [potion of mutation]
 10906 | D:7      | Gained mutation: You are agile. (Dex +2) [potion of
                  | mutation]
 10907 | D:7      | Lost mutation: You are agile. (Dex +2) [potion of mutation]
 10907 | D:7      | Lost mutation: You occasionally shout uncontrollably at
                  | your foes. [potion of mutation]
 10907 | D:7      | Gained mutation: You have large cloven feet. [potion of
                  | mutation]
 10907 | D:7      | Gained mutation: You have hoof-like feet. [potion of
                  | mutation]
 10946 | D:7      | Noticed Pikel
 11064 | D:6      | Killed Pikel
 11064 | D:6      | Reached skill level 10 in Conjurations
 11233 | D:7      | Reached skill level 5 in Dodging
 11327 | D:7      | Lost mutation: Scrolls take you a little longer to read.
                  | [potion of mutation]
 11327 | D:7      | Gained mutation: Your system is resistant to poisons.
                  | (rPois) [potion of mutation]
 11327 | D:7      | Gained mutation: Armour fits poorly on your strangely
                  | shaped body. [potion of mutation]
 11327 | D:7      | Gained mutation: You have a pair of small horns on your
                  | head. [potion of mutation]
 11578 | D:7      | Learned a level 3 spell: Dazzling Flash
 12572 | D:8      | Mangled by an orc warrior

Illustrated notes

Levels and vault maps discovered:
D:1:      lightli_arrival_quake, layout_loops_ring, minmay_worlds_worst_comb
D:2:      kennysheep_big_flooded_room, layout_rooms,
          chequers_temple_overflow_statue_of_worship, uniq_crazy_yiuf_cottage
D:3:      minmay_angry_zag, layout_loops_ring, chequers_garden
D:4:      layout_basic, doesnt_xom_only_xom, minitemple, elyvilon_altar_3,
          uniq_natasha
D:5:      layout_cave_pods, serial_park, serial_park_tiny_1, serial_park_paths
          [serial_park_minivault_5x5_1], serial_park_square3
          [serial_park_minivault_5x5_3], serial_park_tiny_2, roderic_batcave
D:6:      layout_cave_pods, cheibrodos_ashenzari_chains,
          minmay_misc_feat_enclosed, tso_altar
D:7:      layout_basic, nemelex_altar_shiori, minmay_temple_entry_antechambers,
          uniq_pikel
D:8:      layout_cave_pools, biasface_ghost_orc_armoury, lightli_orcish_oven
Temple:   zaba_magenta_temple

Skill      XL: |  1  2  3  4  5  6  7  8  9 |
---------------+----------------------------+-----
Conjurations   | 5 6 7 8 9 10 | 10.5
Staves         | 1 2 3 4 |  4.0
Translocations | 1 3 4 7 |  7.0
Hexes          | 5 |  5.0
Dodging        | 3 6 |  6.2
Stealth        | |  2.4
Spellcasting   | |  3.0

Action                   |  1- 3 |  4- 6 |  7- 9 || total
-------------------------+-------+-------+-------++-------
Melee: Quarterstaff      |       |    10 |     9 ||    19
 Cast: Magic Dart        |    86 |   105 |   194 ||   385
       Searing Ray       |     3 |     7 |    23 ||    33
       Iskenderun's Myst |       |       |    19 ||    19
       Fulminant Prism   |       |       |    12 ||    12
  Use: Scroll            |       |     5 |     6 ||    11
       Potion            |       |     1 |     3 ||     4
Armor: Robe              |     3 |     3 |     6 ||    12
Dodge: Dodged            |    21 |     9 |    28 ||    58

Table legend: (Time is in decaauts)
 A = Elapsed time spent in this place.
 B = Non-inter-level travel time spent in this place.
 C = Inter-level travel time spent in this place.
 D = Time resting spent in this place.
 E = Time spent auto-exploring this place.
 F = Levels seen in this place.
 G = Mean time per level.
                   A        B        C        D        E       F      G
               +--------+--------+--------+--------+--------+-----+--------+
         Total |  12586 |  12150 |    436 |   6749 |   4249 |   9 | 1398.4 |
       Dungeon |  12507 |  12084 |    423 |   6749 |   4209 |   8 | 1563.4 |
        Temple |     78 |     65 |     13 |      0 |     40 |   1 |   78.0 |
               +--------+--------+--------+--------+--------+-----+--------+

Top non-repeatable levels by time:
     D:5: 2454 daAuts
     D:6: 2127 daAuts
     D:1: 1831 daAuts
     D:4: 1824 daAuts
     D:7: 1426 daAuts
     D:2: 1336 daAuts
     D:3: 1170 daAuts
     D:8: 336 daAuts
  Temple: 78 daAuts
